 Dungeon Crawl Stone Soup version 0.28.0-43-g3370ac3207 (webtiles) character file.

Game seed: 18442741726012328927

370346 CryoSword the Executioner (level 21, -3/210 (212) HPs)
             Began as a Minotaur Berserker on Mar 14, 2022.
             Was the Champion of Trog.
             Killed from afar by a deep elf high priest (36 damage)
             ... with damnation
             ... on level 3 of the Elven Halls on Mar 15, 2022.
             The game lasted 01:53:21 (45428 turns).

CryoSword the Executioner (Minotaur Berserker)     Turns: 45428, Time: 01:53:22

HP:   -3/210 (212)  AC: 39    Str: 35    XL:     21   Next: 68%
MP:   20/20         EV: 19    Int:  8    God:    Trog [******]
Gold: 2591          SH:  0    Dex: 15    Spells: 20/20 levels left

rFire   + . .      SeeInvis .   w - +9 battleaxe of Brutal Revenge {flame, rN+ Str+3 Dex+2}
rCold   + + .      Faith    .   (shield currently unavailable)
rNeg    + . .      Spirit   .   N - +9 plate armour {rC+}
rPois   +          Reflect  .   n - +2 hat
rElec   .          Harm     .   m - scarf {rC+ rF+}
rCorr   +          Rampage  .   u - +2 pair of gloves {Str+3}
Will    ++++.                   x - +2 pair of boots
Stlth   ..........              v - amulet of regeneration
HPRegen 2.25/turn               T - ring of willpower
MPRegen 0.17/turn               M - ring "Hoannelo" {Contam Fly rPois rCorr Str+3}

@: strong-willed, flying, regenerating, lightly drained
A: horns 2, retaliatory headbutt, screaming 1
}: 2/15 runes: decaying, gossamer
a: Renounce Religion, Berserk, Trog's Hand, Brothers in Arms


You were on level 3 of the Elven Halls.
You worshipped Trog.
Trog was exalted by your worship.
You visited 7 branches of the dungeon, and saw 38 of its levels.
You visited the Abyss 2 times.
You also visited: Ice Cave.

You collected 4661 gold pieces.
You spent 2070 gold pieces at shops.

Inventory:

Hand Weapons
 a - a +5 vorpal executioner's axe
   (Trog gifted it to you on level 2 of the Orcish Mines)
 s - the +8 arbalest of Nice Innocence {penet, rF+ Will+ Int+2}
   (You found it on level 6 of the Lair of Beasts)

   Any ammunition fired by it passes through the targets it hits, potentially
   hitting all targets in its path until it reaches maximum range.
   Int:       It affects your intelligence (+2).
   rF:        It protects you from fire.
   Will:      It increases your willpower.
 w - the +9 battleaxe of Brutal Revenge (weapon) {flame, rN+ Str+3 Dex+2}
   (Trog gifted it to you on level 15 of the Dungeon)

   It burns those it strikes, dealing additional fire damage.
   Big, fiery blades are also staple armaments of hydra-hunters.
   Str:       It affects your strength (+3).
   Dex:       It affects your dexterity (+2).
   rN:        It protects you from negative energy.
Missiles
 f - 9 throwing nets
 D - 19 boomerangs (quivered)
 Q - 1025 bolts
Armour
 m - a scarf of resistance (worn)
   (You found it on level 1 of the Spider Nest)
 n - a +2 hat (worn)
   (You found it on level 1 of the Orcish Mines)
 u - a +2 pair of gloves of strength (worn)
   (You found it on level 4 of the Spider Nest)
 x - a +2 pair of boots (worn)
   (You found it on level 3 of the Dungeon)
 N - a +9 plate armour of cold resistance (worn)
   (You found it in an ice cave)
Jewellery
 v - an amulet of regeneration (around neck)
   (You found it on level 5 of the Dungeon)
 K - a ring of see invisible
   (You found it on level 1 of the Elven Halls)
 L - a ring of fire
   (You found it on level 2 of the Elven Halls)
 M - the ring "Hoannelo" (right hand) {Contam Fly rPois rCorr Str+3}
   (You found it on level 4 of the Spider Nest)

   [ring of flight]

   Str:       It affects your strength (+3).
   rPois:     It protects you from poison.
   Fly:       It grants you flight.
   Contam:    It causes magical contamination when unequipped.
   rCorr:     It protects you from acid and corrosion.
 P - the ring of Saum {rC++ rCorr}
   (You took it off a deep elf death mage on level 3 of the Elven Halls)

   [ring of resist corrosion]

   rC:        It greatly protects you from cold.
   rCorr:     It protects you from acid and corrosion.
 R - the amulet of Biurrog {Reflect rC++ rN++ Will- SH+5}
   (You acquired it on level 3 of the Elven Halls)

   [amulet of reflection]

   It reflects blocked missile attacks.
   rC:        It greatly protects you from cold.
   rN:        It greatly protects you from negative energy.
   SH:        It affects your SH (+5).
   Will:      It decreases your willpower.
 S - a ring of protection from fire
   (You found it on level 13 of the Dungeon)
 T - a ring of willpower (left hand)
   (You found it on level 13 of the Dungeon)
Wands
 g - a wand of digging (43)
   (You bought it in a shop on level 15 of the Dungeon)
 E - a wand of acid (7)
   (You found it on level 3 of the Spider Nest)
 J - a wand of iceblast (31)
   (You found it on level 11 of the Dungeon)
Scrolls
 b - 18 scrolls of teleportation {@r4}
 c - 4 scrolls of magic mapping
 h - 4 scrolls of enchant armour
 i - 5 scrolls of fear
 l - 2 scrolls of summoning
 q - 9 scrolls of immolation {!r}
 r - a scroll of enchant weapon
 y - 2 scrolls of holy word
 G - 4 scrolls of brand weapon
 H - 7 scrolls of fog
Potions
 d - 8 potions of mutation {!q}
 e - 2 potions of invisibility
 j - 7 potions of ambrosia
 k - 4 potions of resistance
 o - 5 potions of berserk rage
 p - 15 potions of curing {@q1}
 t - 4 potions of haste {@q3}
 z - 2 potions of lignification {!q}
 A - 7 potions of cancellation
 B - 8 potions of attraction {!q}
 C - 9 potions of might
Miscellaneous
 O - a condenser vane
   (You found it in an ice cave)


   Skills:
 * Level 23.6 Fighting
 - Level 24.0 Axes
 + Level 13.2 Crossbows
 - Level 22.9 Armour
 - Level 20.0 Dodging
 - Level 9.4 Shields
 - Level 3.1 Evocations


You had 20 spell levels left.
You didn't know any spells.
Your spell library was empty.

Dungeon Overview and Level Annotations

Branches:
Dungeon (15/15)            Temple (0/1) D:6            Lair (6/6) D:10
  Swamp (4/4) Lair:4       Spider (4/4) Lair:2        Slime (0/5) Lair:6
    Orc (2/2) D:10            Elf (3/3) Orc:2        Vaults (4/5) D:13
  Crypt (0/3) Vaults:3     Depths (0/4) D:15          IceCv (visited)

Altars:
Ashenzari
Cheibriados
Dithmenos
Elyvilon
Fedhas
Kikubaaqudgha
Makhleb
Nemelex Xobeh
Okawaru
Sif Muna
Trog
Uskayaw
Vehumet
Wu Jian
Yredelemnul
Zin
The Shining One
Beogh
Jiyva

Shops:
D:4 :   D:7 (   D:14 (   D:15 *   Orc:2 =!(!   Elf:3 [   Vaults:1 [(
Vaults:3 =

Portals:
Pandemonium: Orc:2

Annotations:
D:5 2 transporters, Elsvaer's ghost, amateur DECj
Elf:3 Donald
Vaults:4 exclusion: 3 downstairs


Innate Abilities, Weirdness & Mutations

You have a pair of horns on your head.
You reflexively headbutt those who attack you in melee.
You occasionally shout uncontrollably at your foes.


Message History

The deep elf master archer shoots an arrow.
The arrow closely misses you.
The deep elf master archer shoots an arrow.
The arrow completely misses you.
A deep elf annihilator comes into view. It is wielding a +0 long sword.
Unknown command.
Okay, then.
As you read the scroll of teleportation {@r4}, it crumbles to dust.
You feel strangely unstable.
The deep elf master archer shoots an arrow.
The arrow hits you.
* * * LOW HITPOINT WARNING * * *
The deep elf master archer shoots an arrow.
The arrow hits you!!
* * * LOW HITPOINT WARNING * * *
You hear a shout!
You feel much better.
You hear a shout!
The deep elf master archer shoots an arrow.
The arrow hits you!
* * * LOW HITPOINT WARNING * * *
The deep elf master archer shoots an arrow.
The arrow closely misses you.
The deep elf annihilator gestures wildly while chanting.
The deep elf annihilator blinks!
You reach down and close the door.
The deep elf master archer shoots an arrow.
The arrow hits you.
* * * LOW HITPOINT WARNING * * *
The deep elf master archer shoots an arrow.
The arrow hits you!!
* * * LOW HITPOINT WARNING * * *
You feel much better.
Your surroundings suddenly seem different.
The deep elf blademaster shouts!
The deep elf archer shouts!
You hear a shout! x2
You slice the deep elf blademaster!! You burn the deep elf blademaster!
Your headbutt misses the deep elf blademaster.
The deep elf blademaster misses you. You furiously retaliate!
You headbutt the deep elf blademaster!
The deep elf blademaster barely misses you.
You completely miss the deep elf blademaster.
The deep elf blademaster hits you but does no damage. x2
You closely miss the deep elf blademaster.
Your headbutt misses the deep elf blademaster.
You slash the deep elf blademaster! You burn the deep elf blademaster.
Your headbutt misses the deep elf blademaster.
The deep elf blademaster misses you. You furiously retaliate!
You headbutt the deep elf blademaster, but do no damage.
The deep elf blademaster hits you with a +0 rapier.
* * * LOW HITPOINT WARNING * * *
The deep elf archer shoots an arrow.
The arrow hits you but does no damage.
You completely miss the deep elf blademaster.
The deep elf blademaster hits you but does no damage.
The deep elf blademaster hits you with a +0 rapier!
* * * LOW HITPOINT WARNING * * *
You hit the deep elf blademaster. You burn the deep elf blademaster.
You feel the effects of Trog's Hand fading.
The deep elf blademaster hits you with a +0 rapier!
* * * LOW HITPOINT WARNING * * *
The deep elf blademaster barely misses you.
The deep elf archer shoots an arrow.
The arrow hits you but does no damage.
You closely miss the deep elf blademaster.
You headbutt the deep elf blademaster!
The deep elf blademaster barely misses you.
You furiously retaliate!
You headbutt the deep elf blademaster!
The deep elf blademaster completely misses you.
The deep elf archer shoots an arrow.
The arrow barely misses you.
You feel much better.
The deep elf blademaster completely misses you.
The deep elf blademaster barely misses you.
The deep elf archer shoots an arrow.
The arrow hits you but does no damage.
The deep elf blademaster hits you but does no damage. x2
You feel much better.
The deep elf blademaster hits you but does no damage. x2
The deep elf high priest mumbles some strange prayers to its god against you.
Something smites you!
* * * LOW HITPOINT WARNING * * *
You completely miss the deep elf blademaster.
You barely miss the deep elf death mage.
The deep elf blademaster closely misses you.
The deep elf blademaster hits you but does no damage.
The deep elf death mage barely misses you.
Your skin crawls.
You feel strong-willed.
The deep elf blademaster hits you but does no damage.
The deep elf blademaster barely misses you.
The deep elf high priest prays to its god.
The deep elf high priest begins emitting a brilliant aura!
The deep elf death mage is empowered by the deep elf high priest's aura!
The deep elf archer is empowered by the deep elf high priest's aura!
The deep elf death mage points at you and mumbles some strange words.
The bolt of negative energy hits you but does no damage.
You partially resist.
The deep elf blademaster hits you with a +0 rapier!
* * * LOW HITPOINT WARNING * * *
The deep elf blademaster hits you but does no damage.
You slash the deep elf death mage! You burn the deep elf death mage.
You headbutt the deep elf death mage. You slice the deep elf archer!!
You burn the deep elf archer. You slice the deep elf blademaster!!
You burn the deep elf blademaster.
The deep elf death mage beckons forth a restless soul!
The deep elf blademaster hits you with a +0 rapier!
* * * LOW HITPOINT WARNING * * *
The deep elf blademaster misses you.
You slice the deep elf archer!! You burn the deep elf archer!
The lost soul assumes the form of the deep elf archer and becomes anchored to this world!
You barely miss the deep elf death mage.
You hit the deep elf blademaster. You burn the deep elf blademaster.
You kill the deep elf blademaster!
Trog accepts your kill.
The ghostly deep elf archer unwields a +0 shortbow.
The ghostly deep elf archer wields the +12 dagger "Jellyslayer" {vorpal, rPois Int+3 Stlth+}.
The ghostly deep elf archer hits you with the +12 dagger "Jellyslayer" {vorpal, rPois Int+3 Stlth+}.
* * * LOW HITPOINT WARNING * * *
x2 The deep elf death mage casts a spell at you.
The bolt of negative energy hits you! You partially resist.
You feel drained.
* * * LOW HITPOINT WARNING * * *
You slice the deep elf death mage!! You burn the deep elf death mage.
You slash the ghostly deep elf archer! You burn the ghostly deep elf archer.
The deep elf demonologist shouts!
You slash the deep elf death mage! You burn the deep elf death mage.
You headbutt the deep elf death mage. You slash the ghostly deep elf archer!
You burn the ghostly deep elf archer.
The deep elf high priest invokes the aid of its god against you.
Something smites you!
* * * LOW HITPOINT WARNING * * *
The deep elf death mage hits you with a +3 long sword!
* * * LOW HITPOINT WARNING * * *
You slash the deep elf death mage! You burn the deep elf death mage.
You kill the deep elf death mage!
Trog accepts your kill.
Trog appreciates your killing of a magic user.
Trog grants you a weapon! Something appears at your feet!
You see here a +2 broad axe of flaming.
You slash the ghostly deep elf archer! You burn the ghostly deep elf archer.
You destroy the ghostly deep elf archer!
Trog accepts your kill.
Trog appreciates your killing of a magic user.
The deep elf high priest calls down the wrath of its god upon you.
Something smites you!
* * * LOW HITPOINT WARNING * * *
You feel much better.
The deep elf high priest invokes the aid of its god against you.
Something smites you!
* * * LOW HITPOINT WARNING * * *
The deep elf demonologist gestures wildly while chanting.
The deep elf high priest invokes the aid of its god against you.
The sphere of damnation explodes!
The damnation engulfs you!!!
You die...

###}[##......
##.)#...e@. #### #..e2
#... ####### #########
####
#.....#.....#.....#...
#.....#.....'...e.'..e
#.....'.....# ....#.ee
#####@####'##'#######e
#......)e..1.........e
#......))..e..........
######################


You could see a Tzitzimitl (summoned), a deep elf demonologist (empowered) and a
deep elf high priest (brilliance aura).

Vanquished Creatures
  The ghost of corvin the Brawler, a veteran TrBe of Trog (Vaults:4)
  A bone dragon (Abyss:3)
  Arachne (Spider:4)
  The ghost of Zotwa the Champion of Chaos, an adept GnSk of Makhleb (Vaults:4)
  2 deep elf blademasters (Elf:3)
  2 tentacled starspawn (Abyss:3)
  A sphinx (Vaults:4)
  2 thorn hunters (Swamp:4)
  Kirke (Spider:4)
  A tengu reaver (Vaults:4)
  A fenstrider witch (Swamp:1)
  8 emperor scorpions
  2 frost giants
  3 orc warlords
  7 vault wardens
  The ghost of P0WERM0DE the Black Belt, a journeyman DsAK of Lugonu (Spider:2)
  3 deep elf sorcerers (Elf:3)
  4 deep elf elementalists (Elf:3)
  7 ghost moths
  A broodmother (Spider:2)
  13 ironbound preservers
  The ghost of Kaddemu the Sorcerer, an adept DENe of Kikubaaqudgha (Spider:4)
  2 war gargoyles
  8 very ugly things
  5 ironbound thunderhulks
  A stone giant (D:15)
  2 deep elf demonologists
  5 entropy weavers
  4 eleionomae
  2 bunyips
  2 deep elf annihilators
  3 dire elephants (Vaults:3)
  4 spark wasps
  Snorg (D:14)
  4 deep elf death magi
  A crystal guardian (Vaults:4)
  Josephine (Spider:1)
  2 great orbs of eyes
  2 shambling mangroves (Swamp:4)
  14 yaktaur captains
  2 deep elf high priests
  A spriggan zombie (Abyss:3)
  11 boulder beetles
  2 ice dragons
  Harold (Orc:1)
  Erolcha (D:10)
  A vault guard (Vaults:2)
  2 ogre magi (D:15)
  A spriggan air mage (Swamp:1)
  3 demonspawn (Orc:2)
  6 jorogumos
  8 ironbound frosthearts
  3 peacekeepers
  33 hydras
  A radroach (Spider:3)
  Erica (Lair:2)
  An anaconda (shapeshifter) (Vaults:1)
  The ghost of Zippel the Thaumaturge, a journeyman DsNe of Kikubaaqudgha (D:9)
  A death knight (D:15)
  An anaconda (Lair:6)
  8 alligators
  15 two-headed ogres
  24 death yaks
  4 centaur warriors
  25 dancing weapons
  A spriggan berserker (Swamp:4)
  2 tengu warriors (D:15)
  9 orc high priests
  3 thrashing horrors (Abyss:3)
  16 deep elf knights
  6 spriggans
  Urug (Orc:2)
  2 wretched stars (Abyss:3)
  A sixfirhy (Orc:2)
  5 skeletal warriors
  5 goliath frogs
  The ghost of MacCMillion the Transmogrifier, a novice SpTm of Gozag (Orc:2)
  14 orb spiders
  6 pharaoh ants
  A sun moth (Spider:4)
  44 deep trolls
  6 spriggan druids
  2 glowing orange brains
  8 bog bodies
  10 swamp dragons
  3 steelbarb worms
  17 wizards
  6 deep elf archers
  16 ironbound convokers
  9 lindwurms
  2 necromancers
  24 wolf spiders
  21 deep elf zephyrmancers
  4 harpies (Vaults:1)
  21 orc knights
  4 orc sorcerers (Orc:2)
  22 deep elf pyromancers
  A human zombie (Vaults:4)
  2 cyclopes
  40 ugly things
  4 will-o-the-wisps
  19 elephants
  5 manticores
  6 moths of wrath
  5 black mambas
  A human skeleton (Vaults:1)
  A stone giant zombie (Vaults:1)
  13 vault sentinels
  14 torpor snails
  An ice statue (IceCv)
  3 apocalypse crabs
  13 cane toads
  2 smoke demons (Abyss:3)
  An unseen horror (D:10)
  4 gargoyles
  A kobold demonologist (D:12)
  10 demonic crawlers
  2 efreet (D:15)
  12 rime drakes
  4 freezing wraiths
  3 ancient zymes (Abyss:3)
  17 komodo dragons
  22 yaktaurs
  An ice devil (Orc:2)
  A red devil (Orc:2)
  2 queen bees (shapeshifter)
  2 bloated husks
  9 meliai
  12 tyrant leeches
  5 trolls
  18 polar bears
  A merfolk (shapeshifter) (Vaults:3)
  A slime creature (shapeshifter) (D:13)
  A raiju (shapeshifter) (D:13)
  9 blink frogs
  18 hornets
  2 raiju (Lair:6)
  17 tarantellas
  A wind drake (shapeshifter) (D:14)
  36 slime creatures
  3 large abominations (Abyss:3)
  41 jumping spiders
  4 dream sheep (Lair:4)
  2 air elementals
  21 culicivoras
  Sigmund (D:6)
  4 wyverns
  A vampire (D:9)
  6 water elementals
  5 basilisks
  A yak (shapeshifter) (D:11)
  58 yaks
  Grum (D:11)
  4 fire elementals
  6 wraiths
  An elf simulacrum (Vaults:4)
  2 neqoxecs (Orc:2)
  7 hogs (Spider:4)
  3 chaos spawn (Abyss:3)
  A human (shapeshifter) (D:14)
  7 vampire mosquitoes
  63 redbacks
  2 steam dragons
  A warg (shapeshifter) (D:13)
  An elf skeleton (Vaults:1)
  8 wargs
  15 swamp worms
  4 acid dragons
  13 hell hounds (Lair:6)
  17 water moccasins
  Duvessa (D:5)
  A water moccasin (shapeshifter) (Vaults:1)
  15 black bears
  7 swamp drakes
  59 orc warriors
  4 ice beasts
  13 starcursed masses (Abyss:3)
  A black bear (shapeshifter) (Elf:1)
  A necrophage (D:5)
  27 wolves
  3 centaurs
  5 boggarts (D:15)
  5 ogres
  3 phantoms
  2 kobold brigands
  2 small abominations (Abyss:3)
  5 earth elementals
  10 bullfrogs
  A gnoll sergeant (D:7)
  2 scorpions
  A wyvern skeleton (D:6)
  A water moccasin skeleton (D:4)
  Dowan (D:5)
  A human simulacrum (Vaults:4)
  5 howler monkeys
  A vampire bat (Lair:5)
  3 electric eels
  A crimson imp (Orc:1)
  3 hounds
  31 orc priests
  6 centaur zombies
  A jelly (D:5)
  Crazy Yiuf (D:2)
  A centaur skeleton (D:6)
  4 gnoll shamans
  An iron imp (Orc:1)
  Jessica (D:3)
  A bullfrog skeleton (D:5)
  5 iguanas
  Natasha (thrice) (D:2)
  17 orc wizards
  A killer bee zombie (D:6)
  A hound zombie (D:5)
  2 hound skeletons
  A howler monkey zombie (D:8)
  21 gnolls
  A howler monkey skeleton (D:5)
  5 adders
  3 shadow imps
  3 white imps
  A howler monkey simulacrum (D:9)
  An ufetubus (D:6)
  A worm (D:2)
  5 dart slugs
  103 orcs
  9 endoplasms
  A giant cockroach (D:1)
  8 goblins
  4 hobgoblins
  8 jackals
  4 quokkas
  4 ball pythons
  9 bats
  2 frilled lizards (D:2)
  13 kobolds
  8 rats
  5 briar patches (Swamp:4)
  2 starspawn tentacles (Abyss:3)
1703 creatures vanquished.

Vanquished Creatures (others)
  A deep elf knight (Elf:1)
  A swamp dragon (Swamp:2)
  A wizard (Vaults:1)
  A deep elf pyromancer (Orc:1)
  5 bloated husks
  A jumping spider (Spider:4)
  A spriggan (Swamp:2)
  An orc priest (Elf:2)
  22 foxfires
  31 fungi
  A lurking horror (Abyss:3)
  84 plants
  8 starspawn tentacles (Abyss:3)
  9 withered plants
167 creatures vanquished.

Grand Total: 1870 creatures vanquished

Notes
Turn   | Place    | Note
-------+----------+-------------------------------------------
     0 | D:1      | CryoSword the Minotaur Berserker began the quest for the
                  | Orb.
     0 | D:1      | Reached XP level 1. HP: 19/19 MP: 0/0
   128 | D:1      | Reached skill level 4 in Axes
   128 | D:1      | Reached XP level 2. HP: 23/27 MP: 1/1
   732 | D:1      | Reached XP level 3. HP: 33/33 MP: 2/2
  1085 | D:1      | Found a faded altar of an unknown god.
  1215 | D:2      | Reached ** piety under Trog
  1463 | D:2      | Reached XP level 4. HP: 40/40 MP: 3/3
  1760 | D:2      | Noticed Natasha
  1781 | D:2      | Killed Natasha
  1782 | D:2      | Reached skill level 5 in Axes
  2052 | D:2      | Found a runed translucent door.
  2053 | D:2      | Noticed Crazy Yiuf
  2214 | D:2      | Killed Crazy Yiuf
  2215 | D:2      | Reached XP level 5. HP: 47/47 MP: 4/4
  2387 | D:2      | Noticed Natasha
  2392 | D:2      | Killed Natasha
  2456 | D:2      | Noticed Natasha
  2512 | D:2      | Killed Natasha
  2632 | D:3      | Noticed Jessica
  2641 | D:3      | Killed Jessica
  2795 | D:3      | Found a basalt altar of Yredelemnul.
  3213 | D:3      | Found a burning altar of Makhleb.
  4043 | D:4      | Found Learph's Book Shop.
  4098 | D:4      | Found a glowing silver altar of Zin.
  4250 | D:4      | Reached XP level 6. HP: 51/55 MP: 5/5
  4469 | D:4      | Reached skill level 5 in Fighting
  4469 | D:4      | Reached skill level 6 in Axes
  4835 | D:5      | Entered Level 5 of the Dungeon
  4841 | D:5      | Noticed a yak
  4842 | D:5      | Noticed a yak
  4844 | D:5      | Noticed a yak
  4844 | D:5      | Noticed a yak
  4856 | D:5      | Killed a yak
  4857 | D:5      | Reached XP level 7. HP: 38/61 MP: 6/6
  4862 | D:5      | Reached skill level 7 in Axes
  4866 | D:5      | Killed a yak
  4867 | D:5      | Reached skill level 5 in Armour
  4868 | D:5      | Killed a yak
  4871 | D:5      | Killed a yak
  4872 | D:5      | Reached skill level 8 in Axes
  4872 | D:5      | Reached skill level 5 in Dodging
  4872 | D:5      | Reached XP level 8. HP: 61/70 MP: 7/7
  5198 | D:5      | Noticed Elsvaer's ghost (amateur DECj)
  5202 | D:5      | Found a transporter.
  5267 | D:5      | Found a transporter.
  5280 | D:5      | Found a radiant altar of Vehumet.
  5438 | D:5      | Noticed Dowan
  5439 | D:5      | Noticed Duvessa
  5448 | D:5      | Killed Duvessa
  5452 | D:5      | Killed Dowan
  5478 | D:5      | Reached skill level 9 in Axes
  5552 | D:5      | Found a white marble altar of Elyvilon.
  5670 | D:5      | Found a faded altar of an unknown god.
  5670 | D:5      | Found an iron altar of Okawaru.
  5678 | D:5      | Found a snail-covered altar of Cheibriados.
  5680 | D:5      | Found an ornate altar of the Wu Jian Council.
  5681 | D:5      | Found a faded altar of an unknown god.
  6001 | D:6      | Found a staircase to the Ecumenical Temple.
  6113 | D:6      | Reached XP level 9. HP: 73/79 MP: 8/8
  6424 | D:6      | Found Ymoypn's Distillery.
  6526 | D:6      | Noticed Sigmund
  6534 | D:6      | Killed Sigmund
  6535 | D:6      | Reached skill level 10 in Axes
  6751 | D:6      | Reached *** piety under Trog
  7127 | D:6      | Identified the +3 ring mail of Spite {Dex+2 Stlth+}
  7241 | D:7      | Reached skill level 11 in Axes
  7387 | D:7      | Found Tellyesk's Weapon Shoppe.
  7446 | D:7      | Reached XP level 10. HP: 90/90 MP: 9/9
  8439 | D:8      | Noticed a two-headed ogre
  8450 | D:8      | Killed a two-headed ogre
  8451 | D:8      | Reached skill level 12 in Axes
  8606 | D:8      | Reached **** piety under Trog
  9352 | D:9      | Noticed a two-headed ogre
  9360 | D:9      | Killed a two-headed ogre
  9404 | D:9      | Reached skill level 13 in Axes
  9736 | D:9      | Identified the +0 ring mail "Yblappof" {rF- rN++ Dex+4}
  9799 | D:9      | Found a shimmering blue altar of Sif Muna.
  9800 | D:9      | Found a broken altar of Ashenzari.
  9892 | D:9      | Found a runed translucent door.
  9893 | D:9      | Noticed Zippel's ghost (journeyman DsNe)
 10005 | D:9      | Reached XP level 11. HP: 99/99 MP: 10/10
 10123 | D:9      | Killed Zippel's ghost
 10124 | D:9      | Reached skill level 10 in Fighting
 10221 | D:10     | Entered Level 10 of the Dungeon
 10346 | D:10     | Noticed a two-headed ogre
 10353 | D:10     | Killed a two-headed ogre
 10371 | D:10     | Found a staircase to the Lair.
 10461 | D:10     | Noticed Erolcha
 10486 | D:10     | Killed Erolcha
 10490 | D:10     | Reached skill level 10 in Armour
 10609 | D:10     | Reached skill level 14 in Axes
 10644 | D:10     | Found a sparkling altar of Nemelex Xobeh.
 10646 | D:10     | Found a shadowy altar of Dithmenos.
 10652 | D:10     | Found a blossoming altar of Fedhas.
 10655 | D:10     | Found a glowing golden altar of the Shining One.
 10657 | D:10     | Found an ancient bone altar of Kikubaaqudgha.
 10662 | D:10     | Found a hide-covered altar of Uskayaw.
 10871 | D:10     | Found a staircase to the Orcish Mines.
 10872 | D:10     | Noticed an orc knight
 11136 | D:10     | Killed an orc knight
 11364 | D:11     | Noticed Grum
 11393 | D:11     | Killed Grum
 11462 | D:11     | Noticed a two-headed ogre
 11471 | D:11     | Killed a two-headed ogre
 11472 | D:11     | Reached skill level 15 in Axes
 11544 | D:11     | Noticed a centaur warrior
 11552 | D:11     | Killed a centaur warrior
 11553 | D:11     | Reached skill level 10 in Dodging
 11553 | D:11     | Reached XP level 12. HP: 94/110 MP: 11/11
 11765 | D:11     | Noticed a two-headed ogre
 11771 | D:11     | Killed a two-headed ogre
 11918 | D:11     | Noticed a boulder beetle
 11930 | D:11     | Killed a boulder beetle
 12112 | Lair:1   | Entered Level 1 of the Lair of Beasts
 12135 | Lair:1   | Found a frozen archway.
 12143 | IceCv    | Entered an ice cave
 12168 | IceCv    | Noticed a death yak
 12187 | IceCv    | Killed a death yak
 12191 | IceCv    | Reached ***** piety under Trog
 12259 | IceCv    | Noticed a death yak
 12264 | IceCv    | Reached skill level 16 in Axes
 12264 | IceCv    | Noticed a death yak
 12270 | IceCv    | HP: 3/112 [white ugly thing (28)]
 12287 | IceCv    | Killed a death yak
 12288 | IceCv    | Killed a death yak
 12537 | IceCv    | Noticed a death yak
 12548 | IceCv    | Killed a death yak
 12592 | IceCv    | Noticed a frost giant
 12592 | IceCv    | Noticed a death yak
 12623 | IceCv    | Killed a frost giant
 12624 | IceCv    | Reached XP level 13. HP: 119/119 MP: 12/12
 13060 | Lair:1   | Reached skill level 17 in Axes
 14126 | Lair:2   | Found a hole to the Spider Nest.
 14205 | Lair:2   | Noticed Erica
 14221 | Lair:2   | Killed Erica
 14736 | Lair:3   | Reached skill level 18 in Axes
 15285 | Lair:4   | Received a gift from Trog
 15524 | Lair:4   | Reached skill level 1 in Shields
 15524 | Lair:4   | Reached XP level 14. HP: 95/130 MP: 13/13
 16401 | Lair:4   | Found a staircase to the Swamp.
 16786 | Lair:5   | Reached skill level 19 in Axes
 16853 | Lair:5   | Reached skill level 5 in Shields
 17174 | Lair:5   | You fall into a shaft and drop 1 floor!
 17174 | Lair:6   | Entered Level 6 of the Lair of Beasts
 17728 | Lair:6   | Reached skill level 1 in Evocations
 17787 | Lair:6   | Reached XP level 15. HP: 131/139 MP: 14/14
 17892 | Lair:6   | Received a gift from Trog
 18165 | Lair:6   | Found a staircase to the Slime Pits.
 18166 | Lair:6   | Found a viscous altar of Jiyva.
 18467 | Lair:6   | Identified the +8 arbalest of Nice Innocence {penet, rF+
                  | Will+ Int+2}
 18741 | Lair:6   | Found a runed translucent door.
 18760 | Lair:6   | Reached skill level 20 in Axes
 19250 | Orc:1    | Entered Level 1 of the Orcish Mines
 19420 | Orc:2    | Entered Level 2 of the Orcish Mines
 19542 | Orc:2    | Received a gift from Trog
 19723 | Orc:2    | Found a runed translucent door.
 19724 | Orc:2    | Noticed MacCMillion's ghost (novice SpTm)
 19780 | Orc:2    | Noticed Urug
 19789 | Orc:2    | Killed Urug
 19851 | Orc:2    | Found Wuaclili's Distillery.
 19853 | Orc:2    | Found Igirosh's Distillery.
 19879 | Orc:2    | Reached ****** piety under Trog
 19932 | Orc:2    | Bought a potion of heal wounds for 55 gold pieces
 19958 | Orc:2    | Gained mutation: Your body sometimes deteriorates upon
                  | taking damage. [a neqoxec]
 19972 | Orc:2    | Gained mutation: You are clumsy. (Dex -2) [a neqoxec]
 19981 | Orc:2    | Bought 2 potions of mutation for 224 gold pieces
 19981 | Orc:2    | Bought 2 potions of mutation for 224 gold pieces
 19981 | Orc:2    | Lost mutation: Your body sometimes deteriorates upon taking
                  | damage. [potion of mutation]
 19981 | Orc:2    | Lost mutation: You are clumsy. (Dex -2) [potion of
                  | mutation]
 19981 | Orc:2    | Gained mutation: You occasionally shout uncontrollably at
                  | your foes. [potion of mutation]
 20007 | Orc:2    | Paralysed by an orc sorcerer for 7 turns
 20029 | Orc:2    | Reached skill level 15 in Fighting
 20201 | Orc:2    | Found a staircase to the Elven Halls.
 20271 | Orc:2    | Found a bloodstained altar of Trog.
 20626 | Orc:2    | Killed MacCMillion's ghost
 21401 | Orc:1    | Received a gift from Trog
 21405 | Orc:1    | Noticed Harold
 21417 | Orc:1    | Killed Harold
 22181 | Orc:2    | Reached skill level 1 in Crossbows
 22269 | Orc:2    | Reached skill level 15 in Armour
 22318 | Orc:2    | Found Hoic's Jewellery Boutique.
 22318 | Orc:2    | Found Canoyger's Antique Weapon Shop.
 22341 | Orc:2    | Found a one-way gate leading to the halls of Pandemonium.
 22374 | Orc:2    | Bought a potion of curing for 42 gold pieces
 22374 | Orc:2    | Bought a potion of cancellation for 112 gold pieces
 22376 | Orc:2    | Bought a potion of cancellation for 88 gold pieces
 22376 | Orc:2    | Bought a potion of curing for 33 gold pieces
 22969 | D:12     | Reached XP level 16. HP: 118/149 MP: 15/15
 23491 | D:13     | Found a gate to the Vaults.
 24349 | D:14     | Found Iricsof's Antique Weapon Shoppe.
 24371 | D:14     | Noticed Snorg
 24380 | D:14     | Killed Snorg
 24381 | D:14     | Reached skill level 21 in Axes
 24458 | D:14     | Cast into level 3 of the Abyss (skeletal warrior)
 24458 | Abyss:3  | Noticed a tentacled starspawn
 24465 | Abyss:3  | Paralysed by accursed screaming for 1 turns
 24476 | Abyss:3  | Killed a tentacled starspawn
 24488 | Abyss:3  | Found a corrupted altar of Lugonu.
 24718 | Abyss:3  | Noticed a tentacled starspawn
 24740 | Abyss:3  | Killed a tentacled starspawn
 24777 | Abyss:3  | Noticed a bone dragon
 24789 | Abyss:3  | Killed a bone dragon
 24942 | Abyss:3  | Paralysed by you for 3 turns
 24946 | D:14     | Escaped the Abyss
 25572 | D:15     | Entered Level 15 of the Dungeon
 25578 | D:15     | Identified the +9 battleaxe of Brutal Revenge {flame, rN+
                  | Str+3 Dex+2} (Trog gifted it to you on level 15 of the
                  | Dungeon)
 25578 | D:15     | Received a gift from Trog
 25853 | D:15     | Reached skill level 5 in Crossbows
 26082 | D:15     | Found Buawn's Overcharged Wands.
 26187 | D:15     | Found a staircase to the Depths.
 26889 | Spider:1 | Entered Level 1 of the Spider Nest
 26897 | Spider:1 | Noticed Josephine
 26908 | Spider:1 | Killed Josephine
 26981 | Lair:2   | Received a gift from Trog
 27499 | Spider:1 | Identified the +0 robe of Pebaef {rF+ rC- Dex+6}
 27795 | Spider:1 | Reached skill level 22 in Axes
 28001 | Spider:2 | Reached XP level 17. HP: 130/159 MP: 16/16
 28258 | Spider:2 | Received a gift from Trog
 28279 | Spider:2 | Reached skill level 15 in Dodging
 28450 | Spider:2 | Found a runed translucent door.
 28450 | Spider:2 | Noticed P0WERM0DE's ghost (journeyman DsAK)
 28471 | Spider:2 | Killed P0WERM0DE's ghost
 29363 | Spider:3 | Received a gift from Trog
 29959 | Spider:4 | Entered Level 4 of the Spider Nest
 30074 | Swamp:1  | Entered Level 1 of the Swamp
 30163 | Swamp:1  | Reached skill level 23 in Axes
 30436 | Swamp:1  | Identified the +6 shortbow of Sudden Death {flame, *Corrode
                  | rElec Str+2}
 31020 | Swamp:2  | You fall into a shaft and drop 1 floor!
 31233 | Swamp:2  | Reached XP level 18. HP: 113/170 MP: 17/17
 31272 | Swamp:2  | Received a gift from Trog
 32196 | Swamp:4  | Entered Level 4 of the Swamp
 32304 | Swamp:4  | Identified a scroll of acquirement
 32305 | Swamp:4  | Acquired a manual of Armour
 32750 | Swamp:4  | Reached skill level 24 in Axes
 32779 | Swamp:4  | Received a gift from Trog
 32966 | Swamp:4  | Got a decaying rune of Zot
 33985 | Spider:4 | Noticed Arachne
 33995 | Spider:4 | Killed Arachne
 34934 | Spider:4 | Received a gift from Trog
 35097 | Spider:4 | Got a gossamer rune of Zot
 35410 | Spider:4 | Noticed Kirke
 35426 | Spider:4 | Killed Kirke
 35436 | Spider:4 | Found a transporter.
 35436 | Spider:4 | Noticed Kaddemu's ghost (adept DENe)
 35451 | Spider:4 | Found a transporter.
 35644 | Spider:4 | Reached XP level 19. HP: 164/181 MP: 18/18
 35654 | Spider:4 | Killed Kaddemu's ghost
 35675 | Spider:4 | Identified the ring "Hoannelo" {Contam Fly rPois rCorr
                  | Str+3}
 36077 | D:15     | Bought a wand of digging (15) for 646 gold pieces
 36077 | D:15     | Bought a wand of digging (15) for 646 gold pieces
 36213 | Vaults:1 | Entered Level 1 of the Vaults
 36491 | Vaults:1 | Found Kodde's Weapon Boutique.
 36599 | Vaults:1 | You are sucked into a shaft and drop 1 floor!
 36676 | Vaults:2 | Received a gift from Trog
 37963 | Vaults:1 | Received a gift from Trog
 38522 | Vaults:1 | Found Uhuk's Armour Shop.
 39087 | Vaults:2 | Received a gift from Trog
 39277 | Vaults:3 | Reached XP level 20. HP: 194/194 MP: 19/19
 39380 | Vaults:3 | Found a staircase to the Crypt.
 39843 | Vaults:3 | Received a gift from Trog
 40733 | Vaults:3 | Found Wekouw's Jewellery Boutique.
 40742 | Vaults:3 | Identified the +4 scale mail of Privacy {rPois rF- rC+++
                  | Str-3}
 40922 | Vaults:4 | Received a gift from Trog
 41377 | Vaults:4 | Reached skill level 10 in Crossbows
 41623 | Vaults:4 | Found a runed translucent gate.
 41623 | Vaults:4 | Found a runed translucent gate.
 41624 | Vaults:4 | Found a runed translucent gate.
 41625 | Vaults:4 | Noticed Zotwa's ghost (adept GnSk)
 41625 | Vaults:4 | Noticed corvin's ghost (veteran TrBe)
 42042 | Vaults:4 | Identified the +6 broad axe of Xyonle Seja {vorpal, Dex+2}
                  | (Trog gifted it to you on level 4 of the Vaults)
 42042 | Vaults:4 | Received a gift from Trog
 42276 | Vaults:4 | Killed Zotwa's ghost
 42283 | Vaults:4 | Killed corvin's ghost
 42284 | Vaults:4 | Reached XP level 21. HP: 189/206 MP: 20/20
 42683 | Elf:1    | Entered Level 1 of the Elven Halls
 42882 | Elf:1    | Found an ancient bone altar of Kikubaaqudgha.
 43481 | Elf:2    | Received a gift from Trog
 43811 | Elf:2    | Paralysed by an air elemental for 1 turns
 43960 | Elf:2    | Found a runed translucent gate.
 43961 | Elf:2    | Found a runed translucent gate.
 43961 | Elf:2    | Found a runed translucent gate.
 44621 | Elf:3    | Entered Level 3 of the Elven Halls
 44637 | Elf:3    | Found Gutriw's Antique Armour Shop.
 44894 | Elf:3    | Paralysed by an air elemental for 1 turns
 44940 | Elf:3    | Identified the +12 dagger "Jellyslayer" {vorpal, rPois
                  | Int+3 Stlth+}
 44955 | Elf:3    | Noticed Donald
 44976 | Elf:3    | Identified the ring of Saum {rC++ rCorr}
 45109 | Elf:3    | Acquired the amulet of Biurrog {Reflect rC++ rN++ Will-
                  | SH+5}
 45142 | Elf:3    | Cast into level 2 of the Abyss (a deep elf sorcerer)
 45172 | Abyss:2  | Found a corrupted altar of Lugonu.
 45172 | Abyss:2  | Found a corrupted altar of Lugonu.
 45316 | Abyss:3  | Found a corrupted altar of Lugonu.
 45356 | Elf:3    | Escaped the Abyss
 45425 | Elf:3    | Received a gift from Trog
 45425 | Elf:3    | HP: 8/208 [deep elf high priest/divine providence (8)]
 45428 | Elf:3    | Killed from afar by a deep elf high priest

Illustrated notes

Levels and vault maps discovered:
D:1:      lightli_arrival_windingriver, layout_basic,
          shapermc_ecumenical_altar_mp_ritualfount, corexii_corridor_pit,
          chequers_serial_rivers_large_b
D:2:      layout_basic, uniq_crazy_yiuf_cottage, uniq_natasha
D:3:      layout_basic, general_overflow_altar,
          mainiacjoe_overflow_surrounded_room, uniq_jessica
D:4:      layout_cave_pods, mainiacjoe_overflow_alcove_1, chequers_arboretum,
          nicolae_wooded_promenade
D:5:      layout_basic, nicolae_vehumet_altar_sigil,
          chequers_temple_overflow_minitemple, overflow_temple_1_default,
          gammafunk_ghost_arena, grunt_ministairs_10, uniq_duvessa
D:6:      layout_basic, minmay_temple_entry_purple_smoke, serial_shops,
          nicolae_shop_behind_doors, nzn_random_ring, uniq_sigmund
D:7:      layout_loops_ring, serial_shops, shop, roderic_lattice_a
D:8:      layout_cave_pods
D:9:      layout_basic, mainiacjoe_overflow_divided_tiny,
          ebering_ghost_inner_flame
D:10:     layout_roguey, nicolae_overflow_hallway_of_the_gods,
          david_lair_shrubbed, david_orc_5, st_stairs_13,
          chequers_serial_rivers_micro_e, uniq_erolcha
D:11:     layout_long_grid, uniq_grum
D:12:     minmay_inner_zag, layout_loops_ring
D:13:     layout_cave_pods, david_vaults_2
D:14:     layout_rooms, gauntlet_entry_generic, infiniplex_staircase_squiggle,
          serial_shops, nicolae_shop_advertising_works
          [nicolae_subvault_shop_adworks], serial_bayou_ford_a, drop_trap,
          minivault_23, uniq_snorg
D:15:     grunt_enter_depths_snipers, layout_basic,
          nicolae_shop_overcharged_wands
Lair:1:   layout_regular_city, portal_ice_cave_entry_pillars_1
Lair:2:   layout_chaotic_city, spider_nest_entry_web_field,
          serial_bayou_shore_a, uniq_erica
Lair:3:   layout_hall_layers, grunt_forest_small_clearing_treed
Lair:4:   layout_cave_pods, minmay_swamp_entry_wisps, minivault_23,
          grunt_megastairs_5, infiniplex_staircase_pool_2, serial_bayou_shore_b
Lair:5:   layout_cave_shapes, roderic_batcave
Lair:6:   hangedman_lair_caniforms_friends, layout_regular_city, wormcave,
          slime_altar_1, lemuel_fruit_fields
Swamp:1:  layout_basic_swamp, evilmike_swamp_ruin_house_1,
          nicolae_swamp_fairy_circle
Swamp:2:  layout_basic_swamp, serial_swamp_ruin, evilmike_swamp_ruin_house_5,
          evilmike_swamp_ruin_house_2, swamp_pool1, st_swamp_ruins_2
Swamp:3:  layout_basic_swamp, nicolae_swamp_some_circles
Swamp:4:  swamp_basic_johnstein, layout_basic_swamp, swamp_pool1
Spider:1: layout_spider_delve, uniq_josephine
Spider:2: nicolae_spider_mines_2, gammafunk_ghost_grave, hellmonk_narrow_tunnel,
          hangedman_spider_tarantella_strand
Spider:3: layout_spider_delve
Spider:4: johnstein_spider_rune_arachne_lair, gammafunk_ghost_berserking_beasts,
          uniq_kirke
Orc:1:    layout_caves, hangedman_minor_magic, uniq_harold
Orc:2:    pf_orc_diabolical, layout_diamond_mine, gammafunk_ghost_grave,
          basic_altar, david_defended_altar_orc, uniq_urug
Elf:1:    elf_arrival_001, layout_geoelf_octagon, basic_altar,
          hangedman_elf_represent
Elf:2:    nicolae_elf_blades_crystal_corner, layout_loops_cross, minivault_23
Elf:3:    nooodl_elf_gasket, layout_geoelf_castle, serial_shops, shop,
          minivault_27, uniq_donald, uniq_asterion
Vaults:1: nicolae_vaults_ninety_degrees, vaults_standard_mumra_x, v_misc_31,
          vaults_mumra_lcd, vaults_room_octagon, grunt_vaults_hallway_long,
          dpeg_vaults_monster_box, layout_vaults_omnigrid, serial_shops,
          nicolae_shop_behind_doors
Vaults:2: nicolae_vaults_back_hallway, vaults_room_octagon,
          ontoclasm_vaults_ligature, vaults_room_fancy_cross,
          nicolae_vaults_little_squares_5, nicolae_vaults_little_squares_6,
          nicolae_vaults_little_squares_2, vaults_room_hallway, v_misc_24,
          ontoclasm_vaults_chip, ontoclasm_vaults_claustrophobia, v_misc_24,
          special_room_vaults [special_room_orc], hangedman_vaults_capsules,
          layout_vaults_omnibox
Vaults:3: nicolae_vaults_arrows, v_misc_16, v_misc_4, vaults_mumra_chevron,
          nicolae_vaults_asterisk, nicolae_vaults_asterisk,
          grunt_vaults_bifocal, special_room_vaults [special_room_orc],
          nicolae_vaults_border_crossing, layout_vaults_omnicross, serial_glass,
          serial_shops, nicolae_shop_trees
Vaults:4: gammafunk_ghost_cemetery, nicolae_vaults_branching_niches,
          v_alt_pattern_3, vaults_room_corners, v_misc_24, v_alt_pattern_1,
          vaults_dpeg_encased_lava, ontoclasm_vaults_chip,
          nicolae_vaults_diagonal_hallway_9, nicolae_vaults_sealed_display,
          vaults_mumra_minichess, hangedman_vaults_variations,
          vaults_room_grunt_arrival_ludios, serial_ice_b,
          nicolae_vaults_little_ls, layout_vaults_ring

Skill      XL: |  1  2  3  4  5  6  7  8  9 10 11 12 13 14 15 16 17 18 19 20 21 |
---------------+----------------------------------------------------------------+-----
Axes           | 4 5 6 8 9 11 13 15 16 18 19 20 22 23 24 | 24.0
Fighting       | 4 5 6 7 8 9 11 12 13 14 15 16 17 18 20 21 23 | 23.6
Armour         | 3 4 5 6 8 9 10 12 13 14 15 16 17 20 22 | 22.9
Dodging        | 3 4 5 6 7 8 10 11 12 13 14 15 17 18 20 | 20.0
Shields        | 1 7 9 |  9.4
Evocations     | 1 3 |  3.1
Crossbows      | 3 5 7 11 13 | 13.2

Action                   |  1- 3 |  4- 6 |  7- 9 | 10-12 | 13-15 | 16-18 | 19-21 || total
-------------------------+-------+-------+-------+-------+-------+-------+-------++-------
Melee: Hand axe          |    70 |    44 |       |       |       |       |       ||   114
       Headbutt          |    12 |    10 |    52 |    90 |   257 |   310 |   283 ||  1014
       Quarterstaff      |       |    53 |    51 |       |       |       |       ||   104
       Whip              |       |       |   202 |   247 |    58 |    12 |       ||   519
       Punch             |       |       |     2 |     3 |       |       |       ||     5
       Battleaxe         |       |       |       |   286 |   239 |  1085 |  1150 ||  2760
       Broad axe         |       |       |       |       |   514 |       |       ||   514
       Executioner's axe |       |       |       |       |   309 |   266 |       ||   575
Throw: Dart              |       |     3 |       |     9 |       |     1 |       ||    13
       Boomerang         |       |       |       |       |       |     7 |       ||     7
       Throwing net      |       |       |       |       |       |     1 |       ||     1
Invok: Berserk           |     2 |     3 |     4 |    17 |    10 |    10 |     7 ||    53
       Trog's Hand       |       |     4 |     2 |     6 |     9 |    12 |    11 ||    44
       Brothers in Arms  |       |       |       |       |       |     1 |     1 ||     2
  Use: Scroll            |       |     6 |     5 |     1 |    20 |    11 |     8 ||    51
       Potion            |       |       |       |     2 |     2 |     1 |     8 ||    13
 Stab: Confused          |       |       |     2 |       |       |     1 |       ||     3
       Sleeping          |       |       |       |     2 |       |     1 |       ||     3
       Held in net/web   |       |       |       |       |     1 |       |       ||     1
       Distracted        |       |       |       |       |       |     1 |       ||     1
       Invisible         |       |       |       |       |       |     1 |       ||     1
Armor: Animal skin       |     9 |       |       |       |       |       |       ||     9
       Leather armour    |     4 |    12 |       |       |       |       |       ||    16
       Chain mail        |       |    14 |   126 |       |       |       |       ||   140
       Ring mail         |       |       |     8 |    89 |       |       |       ||    97
       Plate armour      |       |       |       |   209 |   787 |  1153 |   513 ||  2662
Dodge: Dodged            |    35 |    51 |   116 |   269 |   566 |  1010 |   673 ||  2720
Block: Buckler           |       |       |       |       |   116 |       |       ||   116
